 Dungeon Crawl Stone Soup version 0.32-a0-40-g2adb59ae06 (webtiles) character file.

Game seed: 9647146125521157849

52 lunkers the Cudgeller (level 3, -5/36 HPs)
             Began as an Oni Gladiator on Jan 24, 2024.
             Slain by an ogre
             ... wielding a +0 giant club
              (21 damage)
             ... on level 3 of the Dungeon.
             The game lasted 00:01:29 (1883 turns).

lunkers the Cudgeller (Oni Gladiator)               Turns: 1883, Time: 00:01:30

Health: -5/36      AC:  3    Str: 20    XL:     3   Next: 85%
Magic:  3/3        EV: 10    Int:  9    God:
Gold:   119        SH:  0    Dex: 10    Spells: 2/2 levels left

rFire   + . .        a - +0 flail
rCold   . . .        (no shield)
rNeg    . . .        b - +0 robe
rPois   .            c - +0 hat
rElec   .            (no cloak)
rCorr   .            (gloves unavailable)
SInv    .            (boots unavailable)
Will    +....        (no amulet)
Stlth   +            h - ring of willpower
HPRegen 0.26/turn    o - ring of protection from fire
MPRegen 0.08/turn

%: no passive effects
@: no status effects
A: large, unfitting armour, horns 1, tough skin 1, double potion healing,
drunken brawling
a: no special abilities


You were on level 3 of the Dungeon.
You visited 1 branch of the dungeon, and saw 3 of its levels.

You collected 119 gold pieces.

Inventory:

Hand Weapons
 a - a +0 flail (weapon)
Missiles
 d - 3 throwing nets
 e - a large rock
Armour
 b - a +0 robe (worn)
 c - a +0 hat (worn)
Jewellery
 h - a ring of willpower (left hand)
 o - a ring of protection from fire (right hand)
 p - a ring of protection from cold
Scrolls
 f - a scroll of poison {unknown}
 g - 3 scrolls of identify {unknown}
 k - 3 scrolls of blinking {unknown}
 m - a scroll of acquirement {unknown}
 n - a scroll of teleportation {unknown}
Potions
 i - 3 potions of curing {unknown}
 j - 4 potions of heal wounds {unknown}
 l - a potion of berserk rage {unknown}


   Skills:
 - Level 2.6 Fighting
 + Level 4.6 Maces & Flails
 - Level 2.0 Throwing
 - Level 2.6 Dodging


You had 2 spell levels left.
You didn't know any spells.
Your spell library was empty.

Dungeon Overview and Level Annotations

Branches:
Dungeon (3/15)

Altars:


Innate Abilities, Weirdness & Mutations

You are too large for most types of armour.
You have a pair of small horns on your head.
You have tough skin. (AC +1)
You gain doubled healing and magic from potions.
Whenever you drink a healing potion, you attack all around you.


Message History

You hit the orc but do no damage.
A kobold comes into view. It is wielding a +0 club.
The frilled lizard hisses.
The orc hits you but does no damage.
You thump the orc!
You kill the orc!
You closely miss the frilled lizard.
Your headbutt misses the frilled lizard.
The frilled lizard misses you.
You barely miss the frilled lizard.
Your headbutt misses the frilled lizard.
The frilled lizard bites you.
You closely miss the frilled lizard.
Your headbutt misses the frilled lizard.
You barely miss the ogre.
A goblin comes into view. It is wielding a +0 dagger.
The ogre hits you with a +0 giant club!!
Ouch! That really hurt!
* * * LOW HITPOINT WARNING * * *
Okay, then.
You barely miss the ogre.
The goblin shouts!
You hit the ogre but do no damage. Your headbutt misses the ogre.
The ogre barely misses you.
Unknown command.
You hit the ogre.
The ogre is lightly wounded.
An orc comes into view. It is wielding a +0 trident.
The ogre barely misses you.
Unknown command.
The orc shouts!
You sock the ogre!
The ogre is severely wounded.
The ogre barely misses you.
Unknown command.
You barely miss the ogre.
The ogre is heavily wounded.
The ogre hits you with a +0 giant club!!
Ouch! That really hurt!
You die... ...... ..... .... ### ..o .. ##Kg #. #ll

#.####O# #...##@#
##.....#
####.....##
########....###.?.#
.........####
###..... ........##
#.... ..#####..####
.... ##.<..# ##.
####.#


You could see an ogre, an orc, a goblin, a kobold and 2 frilled lizards.

Vanquished Creatures
  An adder (D:2)
  A dart slug (D:1)
  An orc (D:3)
  3 ball pythons
  2 bats (D:1)
  3 endoplasms
  A giant cockroach (D:2)
  4 goblins
  4 hobgoblins
  7 jackals
  A frilled lizard (D:1)
  5 kobolds
  A rat (D:1)
34 creatures vanquished.

Notes
Turn   | Place    | Note
-------+----------+-------------------------------------------
     0 | D:1      | lunkers the Oni Gladiator began the quest for the Orb.
     0 | D:1      | Reached XP level 1. HP: 22/22 MP: 1/1
   192 | D:1      | Reached XP level 2. HP: 29/29 MP: 2/2
   606 | D:1      | Reached skill level 4 in Maces & Flails
   997 | D:1      | Reached XP level 3. HP: 30/36 MP: 3/3
  1871 | D:3      | Noticed an ogre
  1883 | D:3      | Slain by an ogre

Illustrated notes

Levels and vault maps discovered:
D:1:      shiori_arrival_oz, layout_basic
D:2:      layout_basic
D:3:      due_chaos_kobolds, layout_rooms, chequers_ecumenical_altar_grove,
          uniq_robin, uniq_ijyb

Skill      XL: |  1  2 |
---------------+-------+-----
Maces & Flails | 4 |  4.6
Fighting       | |  2.6
Throwing       | |  2.0
Dodging        | |  2.6

Action                     || total
---------------------------++-------
  Melee: Flail             ||    87
         Headbutt          ||    11
 Armour: Robe              ||    68
  Dodge: Dodged            ||    46

Table legend: (Time is in decaauts)
 A = Elapsed time spent in this place.
 B = Non-inter-level travel time spent in this place.
 C = Inter-level travel time spent in this place.
 D = Time resting spent in this place.
 E = Time spent auto-exploring this place.
 F = Levels seen in this place.
 G = Mean time per level.
                   A        B        C        D        E       F      G
               +--------+--------+--------+--------+--------+-----+--------+
         Total |   1898 |   1842 |     56 |      0 |   1612 |   3 |  632.7 |
       Dungeon |   1898 |   1842 |     56 |      0 |   1612 |   3 |  632.7 |
               +--------+--------+--------+--------+--------+-----+--------+

Top non-repeatable levels by time:
     D:1: 1109 daAuts
     D:2: 760 daAuts
     D:3: 28 daAuts
